 Dungeon Crawl Stone Soup version 0.22.0 (webtiles) character file.

3564 Matezma the Grappler (level 9, -1/80 HPs)
             Began as a Troll Fighter on Oct 30, 2018.
             Slain by a jelly (2 damage)
             ... on level 8 of the Dungeon on Oct 31, 2018.
             The game lasted 00:25:47 (5023 turns).

Matezma the Grappler (Troll Fighter)                Turns: 5023, Time: 00:25:47

Health: -1/80      AC:  9    Str: 27    XL:     9   Next: 84%
Magic:  8/8        EV:  8    Int:  4    God:
Gold:   270        SH:  9    Dex: 11    Spells: 8/8 levels left

rFire    . . .     SeeInvis .     - Unarmed
rCold    . . .     Gourm    +   b - +0 shield
rNeg     . . .     Faith    .   k - +2 robe {MR+}
rPois    .         Spirit   .   (helmet restricted)
rElec    .         Reflect  .   (no cloak)
rCorr    +         Harm     .   (gloves unavailable)
MR       +....                  (boots unavailable)
Stlth    +.........             r - amulet of regeneration
HPRegen  1.03/turn              B - +2 ring of protection
MPRegen  0.11/turn              m - ring of resist corrosion

@: about to teleport
A: large, unfitting armour, claws 3, fast metabolism 3, gourmand, regeneration
1, shaggy fur 1, tough skin 2
a: no special abilities


You were on level 8 of the Dungeon.
You were completely stuffed.

You visited 1 branch of the dungeon, and saw 9 of its levels.

You collected 270 gold pieces.

Inventory:

Missiles
 e - 155 stones (quivered)
Armour
 b - a +0 shield (worn)
 k - a +2 robe of magic resistance (worn)
Jewellery
 g - an uncursed ring of fire
 m - a ring of resist corrosion (right claw)
 o - a +2 ring of evasion
 r - an amulet of regeneration (around neck)
 w - a cursed -2 ring of evasion
 x - an uncursed ring of see invisible
 B - a +2 ring of protection (left claw)
 F - the ring of Elyvilon's Castigation {Fire MR++ MP+9 Int+3 Dex-5}
   (You found it on level 6 of the Dungeon)

   [ring of fire]

   It enhances your fire magic.
   It affects your intelligence (+3).
   It affects your dexterity (-5).
   It protects you from fire.
   It makes you vulnerable to cold.
   It affects your resistance to hostile enchantments.
   It affects your magic capacity (+9).
Wands
 s - a wand of polymorph (18)
 u - a wand of iceblast (7)
 E - a wand of disintegration (16)
 J - a wand of clouds (2)
Scrolls
 f - 10 scrolls of teleportation
 i - 4 scrolls of remove curse
Potions
 a - a potion of degeneration {unknown}
 c - 2 potions of might
 h - 2 potions of resistance
 j - 2 potions of mutation
 n - 4 potions of cancellation
 q - 4 potions of brilliance
 t - a potion of flight {unknown}
 v - a potion of berserk rage {unknown}
 A - a potion of lignification {unknown}
 I - 2 potions of curing
 L - a potion of ambrosia {unknown}
Comestibles
 d - 19 rations
 l - a chunk of flesh


   Skills:
 - Level 2.4 Fighting
 - Level 2.4 Dodging
 - Level 2.4 Shields
 * Level 13.7 Unarmed Combat


You had 8 spell levels left.
You didn't know any spells.
Your spell library contained the following spells:

 Spells                   Type           Power        Failure   Level  Hunger
 Stone Arrow              Conj/Erth      #.....       100%        3    ####...
 Passwall                 Tmut/Erth      #.......     98%         2    ###....
 Lee's Rapid Deconstruct  Erth           #.........   100%        5    ######.
 Sandblast                Erth           #.....       93%         1    ##.....
 Petrify                  Tmut/Erth      #.......     100%        4    #####..


Dungeon Overview and Level Annotations

Branches:
Dungeon (9/15)             Temple (0/1) D:4
   Lair: D:8-11         Orc: D:9-12

Altars:
Ashenzari
Cheibriados
Dithmenos
Elyvilon
Kikubaaqudgha
Nemelex Xobeh
Okawaru
Qazlal

Shops:
D:8 :


Innate Abilities, Weirdness & Mutations

You are too large for most types of armour.
You have claws for hands.
Your metabolism is lightning-fast.
You like to eat raw meat.
Your natural rate of healing is unusually fast.
You are covered in fur. (AC +1)
You have very tough skin. (AC +2)


Message History

The orc warrior is moderately wounded.
You block the yak's attack. The jelly hits you but does no damage.
You block the orc's attack.
You closely miss the orc warrior.
The orc warrior is moderately wounded.
The orc warrior hits you with a long sword!!
The yak gores you!
* * * LOW HITPOINT WARNING * * *
The jelly hits you but does no damage.
As you read the scroll of teleportation, it crumbles to dust.
You feel strangely unstable. The orc closely misses you.
The orc warrior barely misses you. The yak gores you.
* * * LOW HITPOINT WARNING * * *
You block the jelly's attack.
You closely miss the orc. The orc hits you with a hand axe.
* * * LOW HITPOINT WARNING * * *
The yak gores you!
* * * LOW HITPOINT WARNING * * *
The jelly hits you.
You die...

###.........# #. ###.......#
##. ###.##...# #..
#######....##### ##..
.............## ##### #.#.
.######.......## ##...##
##.#. ##
##....#..#####ยง....####.##.
##....#.oo##8.....8##..##.
##...###@J#.......##.###.
##...###Y........#..# #.
##...###..?.......## #.
#....####.8.8##..# ##
##....# ##...##.## # ##...##
##.....# # ##...## ###..##
#....###....####
##....##.......####


You could see a yak, an orc warrior, a jelly and an orc.

Vanquished Creatures
  A two-headed ogre (D:8)
  Grinder (D:3)
  3 yaks (D:8)
  An orc warrior (D:5)
  An eye of draining (D:8)
  2 sky beasts
  4 ogres
  2 phantoms (D:5)
  2 centaurs
  6 bullfrogs
  A scorpion (D:4)
  5 howler monkeys
  A crimson imp (D:7)
  2 centaur zombies
  A jelly (D:6)
  2 hounds
  An iguana (D:8)
  6 orc wizards (D:7)
  A worker ant (D:5)
  3 gnolls (D:5)
  9 adders
  A shadow imp (D:5)
  2 oozes
  2 adder zombies (D:8)
  An adder skeleton (D:5)
  6 worms
  6 leopard geckos
  15 orcs
  7 bats
  5 giant cockroaches
  5 hobgoblins
  6 jackals
  12 kobolds
  8 quokkas
  5 frilled lizards
  9 goblins
  4 rats
149 creatures vanquished.

Notes
Turn   | Place    | Note
-------+----------+-------------------------------------------
     0 | D:1      | Matezma the Troll Fighter began the quest for the Orb.
     0 | D:1      | Reached XP level 1. HP: 22/22 MP: 0/0
   102 | D:1      | Reached XP level 2. HP: 28/29 MP: 1/1
   131 | D:1      | Reached skill level 3 in Unarmed Combat
   448 | D:1      | Reached XP level 3. HP: 36/36 MP: 2/2
   733 | D:2      | Reached skill level 4 in Unarmed Combat
   825 | D:2      | Reached XP level 4. HP: 42/44 MP: 3/3
  1183 | D:2      | Reached skill level 5 in Unarmed Combat
  1234 | D:3      | Found a stormy altar of Qazlal.
  1292 | D:3      | Noticed Grinder
  1306 | D:3      | Reached XP level 5. HP: 47/50 MP: 4/4
  1331 | D:3      | Killed Grinder
  1331 | D:3      | Reached skill level 6 in Unarmed Combat
  1331 | D:3      | Reached XP level 6. HP: 40/59 MP: 5/5
  1460 | D:3      | Found an ancient bone altar of Kikubaaqudgha.
  1689 | D:4      | Found a snail-covered altar of Cheibriados.
  1817 | D:4      | Reached skill level 7 in Unarmed Combat
  2100 | D:4      | Found a staircase to the Ecumenical Temple.
  2285 | D:5      | Entered Level 5 of the Dungeon
  2320 | D:5      | Reached XP level 7. HP: 61/66 MP: 6/6
  2366 | D:5      | Found a sparkling altar of Nemelex Xobeh.
  2429 | D:5      | Reached skill level 8 in Unarmed Combat
  2616 | D:5      | Found a shadowy altar of Dithmenos.
  2841 | D:5      | Reached skill level 9 in Unarmed Combat
  2985 | D:5      | Found an iron altar of Okawaru.
  3223 | D:6      | Got a twitching golden ring
  3438 | D:6      | Identified the ring of Elyvilon's Castigation {Fire MR++ MP+9 Int+3 Dex-5} (You found it on level 6 of the Dungeon)
  3454 | D:6      | Reached XP level 8. HP: 66/74 MP: 7/7
  3521 | D:7      | Reached skill level 10 in Unarmed Combat
  3817 | D:7      | Found a white marble altar of Elyvilon.
  3818 | D:7      | Found a shattered altar of Ashenzari.
  3844 | D:7      | Reached skill level 11 in Unarmed Combat
  4129 | D:8      | Reached XP level 9. HP: 80/80 MP: 8/8
  4159 | D:8      | Reached skill level 12 in Unarmed Combat
  4221 | D:8      | Noticed a two-headed ogre
  4236 | D:8      | Killed a two-headed ogre
  4308 | D:8      | Reached skill level 13 in Unarmed Combat
  4359 | D:8      | Found Qelazux's Book Shoppe.
  5023 | D:8      | HP: 1/80 [yak (13)]
  5023 | D:8      | Slain by a jelly

Skill      XL: |  1  2  3  4  5  6  7  8  9 |
---------------+----------------------------+-----
Unarmed Combat | 3 4 5 6 7 9 11 13 | 13.7
Fighting       | |  2.4
Dodging        | |  2.4
Shields        | |  2.4

Action                   |  1- 3 |  4- 6 |  7- 9 || total
-------------------------+-------+-------+-------++-------
Melee: Unarmed           |    99 |   142 |   236 ||   477
Throw: Stone             |       |     1 |     8 ||     9
  Use: Scroll            |       |     8 |    15 ||    23
 Stab: Sleeping          |     1 |       |       ||     1
  Eat: Chunk             |    13 |    13 |    26 ||    52
Armor: Robe              |    37 |    56 |    68 ||   161
Dodge: Dodged            |    24 |    45 |    65 ||   134
Block: Shield            |    42 |    58 |    97 ||   197
